 Dungeon Crawl Stone Soup version 0.25-a0-1036-g6f112fb28d (webtiles) character file.

Game seed: 7822717103985782128, levelgen mode: deterministic

2746 Conn the Firebug (level 9, -9/55 HPs)
             Began as an Octopode Fire Elementalist on May 13, 2020.
             Was a Follower of Sif Muna.
             Mangled by an orc warrior
             ... wielding a +0 war axe
              (24 damage)
             ... in a bailey.
             The game lasted 00:41:09 (9775 turns).

Conn the Firebug (Octopode Fire Elementalist)       Turns: 9775, Time: 00:41:10

Health: -9/55      AC:  7    Str:  7    XL:     9   Next: 68%
Magic:  10/17      EV: 15    Int: 20    God:    Sif Muna [*.....]
Gold:   252        SH:  0    Dex: 13    Spells: 10/21 levels left

rFire    . . .     SeeInvis .   k - +1 short sword (holy)
rCold    . . .     Gourm    .   (no shield)
rNeg     + + .     Faith    .   (helmet restricted)
rPois    .         Spirit   .   f - amulet of harm
rElec    .         Reflect  .   h - ring of positive energy
rCorr    .         Harm     +   l - +4 ring of protection
MR       +....                  p - ring of protection from magic
Stlth    ++++......             y - ring of positive energy
HPRegen  0.18/turn              (no ring)
MPRegen  0.15/turn              (no ring)
                                (no ring)
                                (no ring)

@: no status effects
A: almost no armour, stealthy swim, amphibious, 8 rings, constrict 8, fangs 1,
yellow scales 1, camouflage 1, blink, low mp 1, gelatinous body 1
a: Blink, Channel Magic, Renounce Religion


You were in a bailey.
You worshipped Sif Muna.
Sif Muna was aware of your devotion.
You were very hungry.

You visited 2 branches of the dungeon, and saw 8 of its levels.
You also visited: Bailey.

You collected 448 gold pieces.
You spent 196 gold pieces at shops.

Inventory:

Hand Weapons
 k - a +1 short sword of holy wrath (weapon)
 t - a +2 quarterstaff of chaos
 w - a +2 mace of protection
Missiles
 g - 5 atropa-tipped darts (quivered)
 m - a throwing net
Jewellery
 f - an amulet of harm (around mantle)
 h - a ring of positive energy (left tentacle)
 l - a +4 ring of protection (right tentacle)
 p - a ring of protection from magic (on tentacle)
 y - a ring of positive energy (on tentacle)
Wands
 a - a wand of polymorph (5)
 u - a wand of iceblast (10)
 D - a wand of paralysis (10)
Scrolls
 c - 4 scrolls of remove curse
 d - a scroll of teleportation
 e - 5 scrolls of blinking {unknown}
 i - 3 scrolls of identify
 o - 3 scrolls of magic mapping
 q - 2 scrolls of amnesia {unknown}
 r - 2 scrolls of fog {unknown}
 s - a scroll of immolation {unknown}
 z - a scroll of fear {unknown}
 B - a scroll of summoning {unknown}
Potions
 j - 3 potions of resistance
 v - 3 potions of curing
 x - 2 potions of lignification {unknown}
 A - a potion of brilliance {unknown}
 C - a potion of cancellation
 F - a potion of haste {unknown}
Comestibles
 b - 11 rations
 n - 2 chunks of flesh


   Skills:
 + Level 2.4 Fighting
 + Level 3.6 Short Blades
 + Level 1.0 Throwing
 + Level 3.8 Dodging
 + Level 5.7 Stealth
 * Level 6.6 Spellcasting
 + Level 4.1 Conjurations
 + Level 1.1 Hexes
 * Level 7.6 Fire Magic
 + Level 1.2 Evocations


You had 10 spell levels left.
You knew the following spells:

 Your Spells              Type           Power        Failure   Level  Hunger
a - Foxfire               Conj/Fire      ####         1%          1    None
b - Conjure Flame         Conj/Fire      ####....     2%          3    #......
c - Sticky Flame          Conj/Fire      ####....     9%          4    ###....
d - Inner Flame           Hex/Fire       ###.....     4%          3    #......

Your spell library contained the following spells:

 Spells                   Type           Power        Failure   Level  Hunger
 Fireball                 Conj/Fire      ####......   24%         5    #####..


Dungeon Overview and Level Annotations

Branches:
Dungeon (7/15)             Temple (1/1) D:5          Bailey (1/1)

Altars:
Elyvilon
Fedhas
Hepliaklqana
Nemelex Xobeh
Qazlal
Ru
Sif Muna
Uskayaw
Vehumet
Wu Jian

Shops:
D:5 }

Annotations:
D:2 Terence Bailey 3 runed translucent doors


Innate Abilities, Weirdness & Mutations

You cannot wear most types of armour.
You are very stealthy in the water. (Stealth+)
You are amphibious.
You can wear up to eight rings at the same time.
You can use your tentacles to constrict eight enemies at once.
Your skin changes colour to match your surroundings (Stealth+).
Your rubbery body absorbs attacks. (AC +1, EV +1)
You have very sharp teeth.
You are partially covered in yellow scales. (AC +2)
You can translocate small distances at will.
Your magical capacity is low. (-10% MP)


Message History

The foxfire hits the orc warrior but does no damage.
The orc warrior is severely wounded.
The foxfire hits the orc warrior.
The orc warrior is severely wounded.
Casting: Foxfire (safe; 1% risk of failure)
Confirm with . or Enter, or press ? or * to list all spells.
You conjure some foxfire!
The orc warrior hits you with a +0 war axe!!
* * * LOW HITPOINT WARNING * * *
The foxfire hits the orc warrior.
The orc warrior is almost dead.
The foxfire hits the orc warrior.
The orc warrior is almost dead.
The orc warrior misses you.
Unknown command.
You don't have enough health at the moment.
Okay, then.
You feel much better.
The orc warrior hits you with a +0 war axe!!
You die...

♣∩..(≈≈≈)#≈....∩....≈
♣♣...≈≈≈)# ♣...≈≈≈(#
≈.8...8.≈
♣♣..###(###.......##
♣.##....#≈.8...8.≈#
♣##.....#≈≈≈≈≈≈≈≈≈#
##......####o≈≈####.
#...8......#+++#....
#.§@................
#.§.o...............
##..8..8...........8
##.......#######.).
##....)## #.. ##...##
#. ##### #


You could see an orc warrior.

Vanquished Creatures
  A water moccasin (D:7)
  Duvessa (D:7)
  Purgy (D:4)
  2 ice beasts
  2 orc warriors
  5 ogres
  2 phantoms (D:5)
  2 centaurs
  Blork the orc (D:4)
  2 bullfrogs (D:6)
  Dowan (D:7)
  2 scorpions
  2 howler monkeys
  2 crimson imps
  3 bullfrog zombies
  2 hounds (D:7)
  2 orc priests (D:7)
  Crazy Yiuf (D:4)
  A centaur skeleton (D:4)
  3 orc wizards
  An iguana (D:4)
  7 worker ants
  A hound skeleton (D:5)
  6 gnolls
  9 adders
  An ooze (D:1)
  A worm (D:2)
  An adder skeleton (D:4)
  4 dart slugs
  A leopard gecko (D:6)
  20 orcs
  2 ball pythons (D:2)
  7 bats
  5 giant cockroaches
  9 goblins
  12 hobgoblins
  13 jackals
  17 kobolds
  A quokka (D:6)
  7 frilled lizards
  A giant cockroach zombie (D:5)
  A leopard gecko skeleton (D:4)
  2 quokka zombies
  12 rats
179 creatures vanquished.

Vanquished Creatures (others)
  441 foxfires
441 creatures vanquished.

Grand Total: 620 creatures vanquished

Notes
Turn   | Place    | Note
-------+----------+-------------------------------------------
     0 | D:1      | Conn the Octopode Fire Elementalist began the quest for the
                  | Orb.
     0 | D:1      | Reached XP level 1. HP: 11/11 MP: 3/3
   180 | D:1      | Reached XP level 2. HP: 9/17 MP: 1/5
   717 | D:1      | Reached XP level 3. HP: 21/21 MP: 4/6
   722 | D:1      | Learned a level 3 spell: Conjure Flame
  1489 | D:2      | Reached skill level 4 in Fire Magic
  1489 | D:2      | Reached XP level 4. HP: 8/27 MP: 1/8
  1817 | D:2      | Noticed Terence
  2004 | D:3      | Reached XP level 5. HP: 31/31 MP: 5/9
  2196 | D:1      | Learned a level 4 spell: Sticky Flame
  3124 | D:3      | Noticed an ogre
  3140 | D:3      | Killed an ogre
  3140 | D:3      | Reached XP level 6. HP: 37/37 MP: 6/11
  3688 | D:3      | Gained mutation: Your magical capacity is low. (-10% MP)
                  | [potion of mutation]
  3688 | D:3      | Gained mutation: You are partially covered in yellow
                  | scales. (AC +2) [potion of mutation]
  3688 | D:3      | Gained mutation: You have very sharp teeth. [potion of
                  | mutation]
  3688 | D:3      | Gained mutation: You can translocate small distances at
                  | will. [potion of mutation]
  3779 | D:4      | Reached skill level 1 in Fighting
  4101 | D:4      | Noticed Purgy
  4108 | D:4      | Learned a level 3 spell: Inner Flame
  4117 | D:4      | Killed Purgy
  4117 | D:4      | Reached skill level 1 in Short Blades
  4155 | D:4      | Reached skill level 5 in Fire Magic
  4155 | D:4      | Reached XP level 7. HP: 33/43 MP: 8/11
  4413 | D:4      | Noticed Blork the orc
  4431 | D:4      | Killed Blork the orc
  5070 | D:4      | Found a blossoming altar of Fedhas.
  5464 | D:4      | Found a runed translucent door.
  5465 | D:4      | Noticed Crazy Yiuf
  5494 | D:5      | Entered Level 5 of the Dungeon
  5921 | D:5      | Reached skill level 1 in Evocations
  6073 | D:5      | Reached XP level 8. HP: 32/50 MP: 2/13
  6757 | D:3      | Reached skill level 5 in Stealth
  6966 | D:4      | Reached skill level 1 in Hexes
  7090 | D:4      | Killed Crazy Yiuf
  7244 | D:5      | Reached skill level 1 in Throwing
  7244 | D:5      | Reached skill level 5 in Spellcasting
  7244 | D:5      | Reached skill level 6 in Fire Magic
  7282 | D:5      | Found Neklothel's Gadget Boutique.
  7290 | D:5      | Bought a wand of iceblast (10) for 196 gold pieces
  7398 | D:5      | Found an ornate altar of the Wu Jian Council.
  7429 | D:5      | Found a staircase to the Ecumenical Temple.
  7447 | Temple   | Entered the Ecumenical Temple
  7511 | Temple   | Became a worshipper of Sif Muna the Loreminder
  8138 | D:6      | Reached XP level 9. HP: 54/54 MP: 14/15
  8576 | D:6      | Found a white marble altar of Elyvilon.
  8778 | D:6      | Found a faded altar of an unknown god.
  8778 | D:6      | Found a stormy altar of Qazlal.
  8783 | D:6      | Found a hide-covered altar of Uskayaw.
  8785 | D:6      | Found a sacrificial altar of Ru.
  8786 | D:6      | Found a faded altar of an unknown god.
  8922 | D:7      | Reached skill level 7 in Fire Magic
  9033 | D:7      | Reached * piety under Sif Muna
  9101 | D:7      | Noticed Duvessa
  9101 | D:7      | Noticed Dowan
  9111 | D:7      | Killed Duvessa
  9124 | D:7      | Killed Dowan
  9446 | D:7      | Found a flagged portal.
  9505 | Bailey   | Entered a bailey
  9623 | Bailey   | Noticed an orc warlord
  9738 | Bailey   | Found a runed translucent gate.
  9740 | Bailey   | Found a runed translucent gate.
  9741 | Bailey   | Found a runed translucent gate.
  9775 | Bailey   | Mangled by an orc warrior

Illustrated notes

Levels and vault maps discovered:
D:1:      dpeg_arrival_three_smaller_balls, layout_basic
D:2:      layout_basic, uniq_terence
D:3:      layout_loops_ring, first_ration, kennysheep_potato
D:4:      layout_loops_corners, fedhas_bush_and_centaur_altar,
          uniq_crazy_yiuf_cottage, uniq_purgy, uniq_blork_the_orc
D:5:      layout_basic, kennysheep_mini, minmay_temple_entry_nine_rooms,
          serial_shops, shop, minmay_stone_trees_small, dk_rats_in_the_wall
D:6:      layout_cave_pools, nicolae_overflow_crystal_walls,
          chequers_temple_overflow_minitemple, nicolae_ossuary_entry_monument,
          hex_tiny, grunt_decor_cap
D:7:      gammafunk_corrupted_shrine, layout_loops_ring, enter_bailey_2,
          uniq_duvessa
Temple:   minmay_temple_curvy_loop
Bailey:   bailey_axe_bossmonster_kennysheep, bailey

Skill      XL: |  1  2  3  4  5  6  7  8  9 |
---------------+----------------------------+-----
Stealth        | 3 4 5 |  5.7
Fire Magic     | 4 5 6 7 |  7.6
Spellcasting   | 3 4 5 6 |  6.6
Conjurations   | 2 3 4 |  4.1
Fighting       | 1 2 |  2.4
Short Blades   | 1 2 3 |  3.6
Evocations     | 1 |  1.2
Dodging        | 3 |  3.8
Hexes          | 1 |  1.1
Throwing       | 1 |  1.0

Action                   |  1- 3 |  4- 6 |  7- 9 || total
-------------------------+-------+-------+-------++-------
Melee: Unarmed           |    41 |     7 |       ||    48
       Constrict         |    11 |    16 |    26 ||    53
       Tentacles         |     7 |     4 |    25 ||    36
       Short sword       |       |    46 |   118 ||   164
       Bite              |       |     1 |    13 ||    14
Throw: Dart              |       |    10 |     8 ||    18
       Throwing net      |       |       |     2 ||     2
 Cast: Foxfire           |    32 |    58 |   168 ||   258
       Conjure Flame     |       |     3 |    14 ||    17
       Inner Flame       |       |       |     4 ||     4
       Sticky Flame      |       |       |     2 ||     2
 Abil: Blink             |       |     1 |    21 ||    22
Evoke: Wand              |       |     3 |     7 ||    10
  Use: Potion            |     2 |     2 |     3 ||     7
       Scroll            |       |     6 |     1 ||     7
 Stab: Sleeping          |     2 |     1 |     6 ||     9
       Invisible         |       |     1 |     1 ||     2
       Paralysed         |       |     5 |     2 ||     7
  Eat: Chunk             |     2 |     8 |    13 ||    23
       Ration            |       |       |     2 ||     2
Armor: Skin              |     7 |     8 |    52 ||    67
Dodge: Dodged            |    51 |    83 |   117 ||   251

Table legend:
 A = Non-vault XP
 B = Vault XP
 C = Vault XP percentage of total XP
 D = Non-vault monster count
 E = Vault monster count
 F = Vault count percentage of total count
                 A         B        C        D         E       F
            +---------+---------+-------+---------+---------+-------
      Total |    3146 |     778 |  19.8 |     152 |      26 |  14.6
            +---------+---------+-------+---------+---------+-------
        D:1 |      47 |       0 |   0.0 |      24 |       0 |   0.0
        D:2 |     150 |       0 |   0.0 |      25 |       0 |   0.0
        D:3 |     383 |       4 |   1.0 |      34 |       2 |   5.6
        D:4 |     171 |     371 |  68.5 |      12 |       4 |  25.0
        D:5 |     649 |       0 |   0.0 |      20 |       0 |   0.0
        D:6 |     999 |       0 |   0.0 |      20 |       0 |   0.0
        D:7 |     747 |     221 |  22.8 |      17 |       2 |  10.5
     Bailey |       0 |     182 | 100.0 |       0 |      18 | 100.0
            +---------+---------+-------+---------+---------+-------
